 Dungeon Crawl Stone Soup version 0.24.1-4-ge52af88ad5 (webtiles) character file.

Game seed: 1135736894668388909, levelgen mode: deterministic

51 Destructed3 the Skirmisher (level 3, 0/29 HPs)
             Began as a Mummy Fighter on Apr 13, 2020.
             Killed by divine providence
             ... invoked by an orc priest
              (15 damage)
             ... on level 3 of the Dungeon.
             The game lasted 00:03:54 (1222 turns).

Destructed3 the Skirmisher (Mummy Fighter)          Turns: 1222, Time: 00:03:54

Health: 0/29       AC:  6    Str: 20    XL:     3   Next: 57%
Magic:  3/3        EV:  7    Int:  7    God:
Gold:   44         SH:  9    Dex: 11    Spells: 2/2 levels left

rFire    x . .     SeeInvis .   a - +0 flail
rCold    + . .     Gourm    .   c - +0 shield
rNeg     + + +     Faith    .   b - +0 scale mail
rPois    ∞         Spirit   .   (no helmet)
rElec    .         Reflect  .   (no cloak)
rCorr    .         Harm     .   (no gloves)
MR       .....                  (no boots)
Stlth    ..........             (no amulet)
HPRegen  0.09/turn              (no ring)
MPRegen  0.08/turn              (no ring)

@: no status effects
A: no food or potions, fire vulnerability, cold resistance 1, negative energy
resistance 3, torment resistance, unbreathing
a: no special abilities


You were on level 3 of the Dungeon.
You were not hungry.

You visited 1 branch of the dungeon, and saw 3 of its levels.

You collected 44 gold pieces.

Inventory:

Hand Weapons
 a - a +0 flail (weapon)
Armour
 b - a +0 scale mail (worn)
 c - a +0 shield (worn)
Scrolls
 d - a scroll of fog {unknown}
 e - a scroll of identify {unknown}
 f - a scroll of fear {unknown}


   Skills:
 + Level 3.4 Fighting
 + Level 2.5 Maces & Flails
 - Level 2.5 Armour
 - Level 2.6 Shields


You had 2 spell levels left.
You didn't know any spells.
Your spell library was empty.

Dungeon Overview and Level Annotations

Branches:
Dungeon (3/15)

Altars:

Annotations:
D:2 Sigmund


Innate Abilities, Weirdness & Mutations

You do not eat or drink.
Your flesh is vulnerable to fire.
You are immune to poison.
Your flesh is cold resistant. (rC+)
You are immune to negative energy. (rN+++)
You are immune to unholy pain and torment.
You can survive without breathing.


Message History

You kill the orc!
You block the bat's attack.
The orc priest begins to cast a cantrip, but forgets the words!
You block the bat's attack. The bat closely misses you.
Items here: ))) †† a +0 hand axe; a +0 dagger x2; an orc corpse; a goblin corpse You barely miss the bat.
The bat barely misses you. The bat hits you but does no damage.
Your shield and scale mail prevent you from hitting the bat.
You hear the slow rusting of a drain nearby.
The bat hits you but does no damage. x2; The bat completely misses you.
You closely miss the bat. The bat barely misses you.
You block the bat's attack. x2
You barely miss the bat. You block the bat's attack.
Your shield and scale mail prevent you from hitting the bat.
You block the bat's attack. The bat closely misses you.
The orc priest mumbles some strange prayers to Beogh against you.
Beogh smites you!
Ouch! That really hurt!
You die...

..... ..... ..... # #
!...######## # .#.
..#≈.≈≈≈≈≈ # ....
.#.#####≈.≈..≈. ##
##..!..........≈########.
..)...######.............
......ob@....#########...
......######## #<.. .....
#... ...o #### ..r .. .


You could see an orc priest and a bat.

Vanquished Creatures
  A gnoll (D:1)
  A dart slug (D:2)
  A leopard gecko (D:2)
  2 orcs (D:3)
  2 giant cockroaches
  3 goblins
  6 hobgoblins
  3 jackals (D:1)
  A ball python (D:1)
  4 bats (D:1)
  A frilled lizard (D:1)
  7 kobolds (D:1)
  4 rats
36 creatures vanquished.

Notes
Turn   | Place    | Note
-------+----------+-------------------------------------------
     0 | D:1      | Destructed3 the Mummy Fighter began the quest for the Orb.
     0 | D:1      | Reached XP level 1. HP: 18/18 MP: 1/1
    24 | D:1      | Reached XP level 2. HP: 10/24 MP: 2/2
   364 | D:1      | Reached XP level 3. HP: 22/29 MP: 3/3
   743 | D:2      | Noticed Sigmund
  1222 | D:3      | Killed from afar by an orc priest

Levels and vault maps discovered:
D:1:      minmay_arrival_diagonal_passages, layout_loops_ring
D:2:      layout_basic, minitemple, uniq_sigmund
D:3:      layout_rooms, serial_undead, serial_undead_a, serial_undead_f,
          serial_undead_b, serial_undead_e, gup_sewer_entry_pipe,
          elyvilon_altar_3, uniq_natasha

Skill      XL: |  1  2 |
---------------+-------+-----
Maces & Flails | 2 |  2.5
Fighting       | |  3.4
Armour         | |  2.5
Shields        | |  2.6

Action                   || total
-------------------------++-------
Melee: Flail             ||   140
Armor: Scale mail        ||    80
Dodge: Dodged            ||    54
Block: Shield            ||   101
